 Dungeon Crawl Stone Soup version 0.29-a0-1043-g569b05d6ff (webtiles) character file.

Game seed: 3973156465450179291

4974 Newt the Thrower (level 10, 0/106 HPs)
             Began as a Demonspawn Gladiator on Aug 15, 2022.
             Was a Priest of Okawaru.
             Slain by an eight-headed hydra (4 damage)
             ... on level 8 of the Dungeon.
             The game lasted 00:29:32 (9485 turns).

Newt the Thrower (Demonspawn Gladiator)             Turns: 9485, Time: 00:29:32

Health: 0/106      AC: 29    Str: 23    XL:     10   Next: 28%
Magic:  8/10       EV:  2    Int: 14    God:    Okawaru [***...]
Gold:   206        SH: 13    Dex: 19    Spells: 9/9 levels left

rFire   + . .      SeeInvis +   v - +5 mace of Equilibrium {speed, Fragile rPois rF+ Dex+5 SInv}
rCold   . . .      Faith    +   t - +1 kite shield
rNeg    . . .      Spirit   .   (body armour currently unavailable)
rPois   +          Reflect  .   (helmet currently unavailable)
rElec   .          Harm     .   (cloak currently unavailable)
rCorr   .          Rampage  .   (gloves currently unavailable)
Will    .....      Clarity  +   (boots currently unavailable)
Stlth   ++++...... NoTele   +   s - amulet of faith
HPRegen 0.27/turn               n - +6 ring of strength
MPRegen 0.12/turn               N - +4 ring of protection

@: tree-form, heroic, hasted, very quick
A: stationary, stasis, torment immunity, boosted hp, (hooves 2), (slimy green
scales 1), demonic magic 1, clarity, clever 1
a: Renounce Religion, Heroism


You were on level 8 of the Dungeon.
You worshipped Okawaru.
Okawaru was most pleased with you.
You were a tree.
You visited 2 branches of the dungeon, and saw 9 of its levels.
You also visited: Sewer.

You collected 287 gold pieces.
You spent 81 gold pieces at shops.

Inventory:

Hand Weapons
 m - a +4 battleaxe
 v - the +5 mace of Equilibrium (weapon) {speed, Fragile rPois rF+ Dex+5 SInv}
   (You took it off an orc on level 2 of the Dungeon)

   Attacks with this weapon are significantly faster.
   Dex:       It affects your dexterity (+5).
   rF:        It protects you from fire.
   rPois:     It protects you from poison.
   SInv:      It lets you see invisible.
   Fragile:   It will be destroyed if unequipped.
 C - a +3 vorpal flail
Missiles
 d - 6 throwing nets
 e - 3 curare-tipped darts
 I - 5 boomerangs (quivered)
 O - 32 stones
 P - a javelin
 S - 2 poisoned darts
Armour
 c - a +0 helmet (melded)
 r - a +2 cloak (melded)
 t - a +1 kite shield (worn)
 T - a +1 leather armour of cold resistance
 X - a +3 ring mail (melded)
 Z - a +2 chain mail of fire resistance
Jewellery
 a - a ring of ice
 n - a +6 ring of strength (left branch)
 p - a ring of positive energy
 s - an amulet of faith (around neck)
 N - a +4 ring of protection (right branch)
Wands
 g - a wand of iceblast (8)
 E - a wand of flame (48)
 W - a wand of paralysis (2)
Scrolls
 f - a scroll of poison
 h - a scroll of noise
 i - 3 scrolls of magic mapping
 j - a scroll of teleportation
 o - a scroll of identify
 x - 2 scrolls of enchant weapon {unknown}
 y - a scroll of silence {unknown}
 D - a scroll of amnesia {unknown}
 G - a scroll of vulnerability
 H - 4 scrolls of enchant armour
 U - a scroll of brand weapon {unknown}
Potions
 k - 2 potions of curing
 l - 2 potions of attraction
 u - 2 potions of cancellation
 w - a potion of magic {unknown}
 z - 4 potions of haste
 F - 3 potions of lignification
 J - 2 potions of flight
 K - a potion of mutation
 L - 2 potions of might
 M - 2 potions of resistance {unknown}
 V - a potion of ambrosia {unknown}


   Skills:
 - Level 4.0(9.0) Fighting
 - Level 2.6(7.6) Short Blades
 - Level 1.4(7.9) Axes
 - Level 4.0(9.1) Maces & Flails
 - Level 8.0(13.0) Throwing
 - Level 7.2(12.2) Armour
 - Level 3.0(8.0) Dodging
 - Level 2.0(7.0) Stealth
 - Level 4.0(9.0) Shields
 + Level 5.4 Evocations


You had 9 spell levels left.
You didn't know any spells.
Your spell library contained the following spells:

 Spells                   Type           Power      Damage    Failure   Level
 Blink                    Tloc           0%         N/A       71%         2
 Portal Projectile        Hex/Tloc       0%         N/A       90%         3
 Leda's Liquefaction      Hex/Erth       0%         N/A       100%        4
 Freezing Cloud           Conj/Ice/Air   0%         6-21      100%        5
 Lee's Rapid Deconstruct  Erth           0%         3d5*      100%        5
 Manifold Assault         Tloc           0%         N/A       100%        5
 Statue Form              Tmut/Erth      0%         N/A       100%        6
 Storm Form               Tmut/Air       0%         N/A       100%        7
 Polar Vortex             Ice            0%         N/A       100%        9
 Call Canine Familiar     Summ           Unusable   N/A       N/A         3
 Simulacrum               Ice/Necr       Unusable   N/A       N/A         6

Dungeon Overview and Level Annotations

Branches:
Dungeon (8/15)             Temple (1/1) D:5            Lair (0/5) D:8
  Sewer (visited)

Altars:
Cheibriados
Dithmenos
Fedhas
Gozag
Hepliaklqana
Kikubaaqudgha
Makhleb
Nemelex Xobeh
Okawaru
Ru
Sif Muna
Trog
Uskayaw
Vehumet
Wu Jian
Xom

Shops:
D:1 ?   D:4 *


Innate Abilities, Weirdness & Mutations

You are a tree.
Your roots penetrate the ground, keeping you stationary.
You cannot be teleported.
You are immune to unholy pain and torment.
Your maximum health is greatly increased.
Your equipment is partially melded.
((You have hoof-like feet.))
((You are partially covered in slimy green scales. (AC +2)))
Spells you cast may paralyse adjacent enemies.
You possess an exceptional clarity of mind.
Your mind is acute. (Int +4, Str/Dex -1)


Message History

You block the eight-headed hydra's attack.
The eight-headed hydra bites you but does no damage.
You hit the eight-headed hydra.
The eight-headed hydra is heavily wounded.
Unknown command.
You barely miss the eight-headed hydra.
The eight-headed hydra is heavily wounded.
You block the eight-headed hydra's attack.
The eight-headed hydra bites you but does no damage.
The eight-headed hydra bites you.
* * * LOW HITPOINT WARNING * * *
The eight-headed hydra bites you but does no damage. x2
The eight-headed hydra bites you.
* * * LOW HITPOINT WARNING * * *
The eight-headed hydra completely misses you.
The eight-headed hydra bites you but does no damage.
Unknown command.
You feel better.
You feel better.
You block the eight-headed hydra's attack.
The eight-headed hydra bites you but does no damage.
You block the eight-headed hydra's attack.
The eight-headed hydra bites you but does no damage.
You block the eight-headed hydra's attack.
The eight-headed hydra barely misses you.
The eight-headed hydra bites you but does no damage. x2
You sock the eight-headed hydra!
The eight-headed hydra is severely wounded.
Unknown command.
You sock the eight-headed hydra!
The eight-headed hydra is severely wounded.
You block the eight-headed hydra's attack.
The eight-headed hydra bites you!
* * * LOW HITPOINT WARNING * * *
The eight-headed hydra bites you but does no damage. x2
You block the eight-headed hydra's attack.
The eight-headed hydra bites you but does no damage.
You block the eight-headed hydra's attack.
The eight-headed hydra bites you.
You die...

.#....#..#..#....'.......##+###.#
....###.#...##..##...8...##..##..
.##.##....##.##'##.......'....#..
.##.....####.##..##.....##))..#..
.....##.# #.#....##...##'#..##..
...#.#..####.#....'#####..####...
..##...##...<##..##..##....#.....
..##..#.......####....'....#.....
......####......♣#....##..##.##..
....#.# #<.....D##..######## ###
#####.## #....##..#'## #
##..###...###....# ######
#.........# #.#### #.....
#.........# #.# #######.####
#.....##### #.# ##.......# #
#.....# #.####..####### # #.....#
#.##...##


You could see an eight-headed hydra.

Vanquished Creatures
  Pikel (D:4)
  Joseph (D:7)
  Grinder (D:3)
  A steam dragon (D:7)
  Edmund (D:4)
  An acid dragon (D:8)
  2 water moccasins
  A black bear (D:8)
  2 orc warriors
  A sky beast (D:6)
  The ghost of SweetJohnnyV the Chopper, an amateur MiBe of Trog (D:3)
  2 ice beasts (D:7)
  An ogre (D:4)
  5 centaurs
  2 lemures (D:4)
  A phantom (D:6)
  3 kobold brigands (Sewer)
  2 bullfrogs (D:7)
  A gnoll sergeant (D:8)
  4 scorpions
  4 necrophages
  A wyvern skeleton (D:3)
  3 wights
  A killer bee (D:8)
  A howler monkey (D:5)
  3 jellies
  2 orc priests (D:3)
  5 hounds
  A gnoll bouda (D:8)
  An iguana (D:5)
  6 orc wizards
  Natasha (twice) (D:3)
  Robin (D:3)
  15 gnolls
  A howler monkey skeleton (D:3)
  2 river rats (Sewer)
  12 adders
  2 shadow imps
  A white imp (D:6)
  7 worms
  4 dart slugs
  29 orcs
  10 endoplasms
  3 giant cockroaches
  16 goblins
  6 hobgoblins
  15 jackals
  4 quokkas
  8 ball pythons
  4 bats
  3 frilled lizards (D:3)
  14 kobolds
  8 rats
229 creatures vanquished.

Vanquished Creatures (others)
  3 fungi
  2 plants (D:1)
5 creatures vanquished.

Grand Total: 234 creatures vanquished

Notes
Turn   | Place    | Note
-------+----------+-------------------------------------------
     0 | D:1      | Newt the Demonspawn Gladiator began the quest for the Orb.
     0 | D:1      | Reached XP level 1. HP: 16/16 MP: 1/1
    61 | D:1      | Found a faded altar of an unknown god.
   263 | D:1      | Found Jut Qoidy's Magic Scroll Boutique.
   280 | D:1      | Reached skill level 1 in Stealth
   290 | D:1      | Gained mutation: You have large cloven feet. [demonic
                  | ancestry]
   290 | D:1      | Reached XP level 2. HP: 18/22 MP: 2/2
   588 | D:1      | Reached skill level 2 in Throwing
  1173 | D:2      | Gained mutation: Spells you cast may paralyse adjacent
                  | enemies. [demonic ancestry]
  1173 | D:2      | Reached XP level 3. HP: 20/27 MP: 3/3
  1290 | D:1      | Reached skill level 3 in Throwing
  1424 | D:2      | Reached XP level 4. HP: 21/33 MP: 4/4
  2215 | D:3      | Reached skill level 4 in Throwing
  2233 | D:3      | Noticed Natasha
  2244 | D:3      | Killed Natasha
  2293 | D:3      | Reached XP level 5. HP: 39/39 MP: 5/5
  2434 | D:3      | Found a hide-covered altar of Uskayaw.
  2526 | D:3      | Noticed SweetJohnnyV's ghost (amateur MiBe)
  2528 | D:3      | Found a transporter.
  2617 | D:3      | Found a transporter.
  2629 | D:3      | Noticed Robin
  2649 | D:3      | Killed Robin
  2860 | D:3      | Identified the +5 mace of Equilibrium {speed, Fragile rPois
                  | rF+ Dex+5 SInv}
  3217 | D:3      | Noticed Grinder
  3229 | D:3      | Paralysed by Grinder for 4 turns
  3246 | D:3      | Killed Grinder
  3247 | D:3      | Reached XP level 6. HP: 48/48 MP: 6/6
  3870 | D:3      | Gained mutation: You are partially covered in slimy green
                  | scales. (AC +2) [demonic ancestry]
  3870 | D:3      | Reached XP level 7. HP: 54/54 MP: 7/7
  3872 | D:3      | Noticed Natasha
  3874 | D:3      | Reached skill level 1 in Armour
  3875 | D:3      | Killed SweetJohnnyV's ghost
  3950 | D:3      | Killed Natasha
  4217 | D:4      | Noticed Pikel
  4257 | D:4      | Killed Pikel
  4258 | D:4      | Reached skill level 5 in Armour
  4258 | D:4      | Reached XP level 8. HP: 43/60 MP: 8/8
  4535 | D:4      | Noticed Edmund
  4555 | D:4      | Killed Edmund
  4619 | D:4      | Found an ancient bone altar of Kikubaaqudgha.
  4620 | D:4      | Found a sacrificial altar of Ru.
  4790 | D:4      | Found Kacappuv's Assorted Antiques.
  4822 | D:4      | Bought 2 scrolls labelled SYUTAX BOXUOV for 54 gold pieces
  4822 | D:4      | Bought a scroll labelled TERIGH BONIZUFI for 27 gold pieces
  5237 | D:5      | Entered Level 5 of the Dungeon
  5383 | D:5      | Reached XP level 9. HP: 58/65 MP: 9/9
  5416 | D:5      | Found a staircase to the Ecumenical Temple.
  5462 | Temple   | Entered the Ecumenical Temple
  5544 | Temple   | Became a worshipper of Warmaster Okawaru
  5656 | D:5      | Reached skill level 1 in Axes
  5888 | D:5      | Found a burning altar of Makhleb.
  5888 | D:5      | Found a sparkling altar of Nemelex Xobeh.
  6167 | D:6      | Reached skill level 1 in Shields
  6217 | D:6      | Found a glowing drain.
  6279 | Sewer    | Entered a sewer
  7060 | D:6      | Reached * piety under Okawaru
  7095 | D:6      | You fall into a shaft and drop 2 floors!
  7112 | D:8      | Found a staircase to the Lair.
  7323 | D:8      | Reached skill level 5 in Throwing
  7500 | D:7      | Noticed Joseph
  7512 | D:7      | Killed Joseph
  7512 | D:7      | Reached ** piety under Okawaru
  7513 | D:7      | Reached skill level 6 in Throwing
  7943 | D:7      | Reached skill level 7 in Throwing
  8049 | D:7      | Gained mutation: You have hoof-like feet. [demonic
                  | ancestry]
  8049 | D:7      | Reached XP level 10. HP: 62/71 MP: 10/10
  8275 | D:8      | Reached *** piety under Okawaru
  8293 | D:8      | Found a shimmering blue altar of Sif Muna.
  8387 | D:8      | Identified the +6 dagger of the Vestibule of Hell {vamp,
                  | rPois rF- Str+2}
  8654 | D:8      | Reached skill level 8 in Throwing
  8915 | D:8      | Reached skill level 5 in Evocations
  8917 | D:8      | Gained mutation: Your mind is acute. (Int +4, Str/Dex -1)
                  | [potion of mutation]
  8917 | D:8      | Gained mutation: You possess an exceptional clarity of
                  | mind. [potion of mutation]
  8928 | D:8      | Noticed an eight-headed hydra
  9481 | D:8      | HP: 4/106 [eight-headed hydra (3)]
  9485 | D:8      | Slain by an eight-headed hydra

Illustrated notes

Levels and vault maps discovered:
D:1:      evilmike_arrival_hilbert_curve, layout_basic, serial_shops,
          nicolae_shop_statue_plus, shapermc_ecumenical_altar_acropolis
D:2:      layout_basic
D:3:      layout_loops_corners, mainiacjoe_overflow_alcove_1,
          gammafunk_ghost_mausoleum, kennysheep_generic_room_4, uniq_grinder,
          uniq_natasha, uniq_robin
D:4:      layout_loops_ring, nicolae_overflow_squiral, minivault_27,
          chequers_serial_rivers_micro_d, kennysheep_small_square, uniq_pikel,
          uniq_edmund
D:5:      layout_cave_pools, gammafunk_temple_overflow_wave, elyvilon_altar_3,
          minmay_temple_entry_grid, dreamdust_mushroom_princess,
          minmay_checkerbox
D:6:      layout_loops_ring, cheibrodos_sewer_entry_bend,
          gammafunk_ghost_abyssal_escape, st_stairs_1, minmay_misc_feat_roman,
          uniq_maggie
D:7:      layout_cave_pools, minivault_23, uniq_joseph
D:8:      minmay_bubble_buster, layout_rooms, nicolae_overflow_hidden_temple,
          lair_entry_dummy, roderic_lattice_a
Temple:   nicolae_temple_hex_pool

Skill      XL: |  1  2  3  4  5  6  7  8  9 10 |
---------------+-------------------------------+-----
Stealth        | 1 2 |  2.0
Throwing       | 2 3 4 7 8 |  8.0
Fighting       | 4 |  4.0
Dodging        | 3 |  3.0
Maces & Flails | 3 4 |  4.0
Armour         | 5 7 |  7.2
Evocations     | 3 4 5 |  5.4
Axes           | 1 |  1.4
Shields        | 4 |  4.0
Short Blades   | |  2.6

Action                   |  1- 3 |  4- 6 |  7- 9 | 10-12 || total
-------------------------+-------+-------+-------+-------++-------
Melee: Rapier            |   109 |    98 |       |       ||   207
       Kick              |    17 |    41 |   119 |    40 ||   217
       Mace              |       |    42 |   354 |   119 ||   515
       Punch             |       |       |     2 |       ||     2
 Fire: Sling             |       |    57 |       |       ||    57
Throw: Javelin           |     1 |       |     2 |       ||     3
       Boomerang         |       |       |    14 |    17 ||    31
       Dart              |       |       |     2 |       ||     2
Invok: Heroism           |       |       |       |     1 ||     1
Evoke: Wand              |       |       |     5 |     2 ||     7
  Use: Scroll            |       |     7 |     8 |     3 ||    18
       Potion            |       |     2 |       |     5 ||     7
 Stab: Sleeping          |       |     2 |     3 |       ||     5
       Distracted        |       |     1 |       |       ||     1
Armor: Leather armour    |    33 |    29 |    63 |       ||   125
       Skin              |       |     9 |       |    21 ||    30
       Chain mail        |       |       |    70 |     9 ||    79
       Ring mail         |       |       |       |    50 ||    50
Dodge: Dodged            |    90 |    81 |   128 |    53 ||   352
Block: Kite shield       |       |       |   117 |    88 ||   205

Table legend: (Time is in decaauts)
 A = Elapsed time spent in this place.
 B = Non-inter-level travel time spent in this place.
 C = Inter-level travel time spent in this place.
 D = Time resting spent in this place.
 E = Time spent auto-exploring this place.
 F = Levels seen in this place.
 G = Mean time per level.
                   A        B        C        D        E       F      G
               +--------+--------+--------+--------+--------+-----+--------+
         Total |   9647 |   9418 |    229 |   1842 |   5049 |  10 |  964.7 |
       Dungeon |   8746 |   8538 |    208 |   1842 |   4406 |   8 | 1093.2 |
        Temple |     93 |     72 |     21 |      0 |     61 |   1 |   93.0 |
         Sewer |    807 |    807 |      0 |      0 |    581 |   1 |  807.0 |
               +--------+--------+--------+--------+--------+-----+--------+

Top non-repeatable levels by time:
     D:3: 1527 daAuts
     D:8: 1513 daAuts
     D:2: 1272 daAuts
     D:1: 1234 daAuts
     D:4: 1223 daAuts
     D:7: 872 daAuts
   Sewer: 807 daAuts
     D:5: 785 daAuts
     D:6: 316 daAuts
  Temple: 93 daAuts
